 Dungeon Crawl Stone Soup version 0.27-a0-984-g00e00afbbc (webtiles) character file.

Game seed: 13668251612306813815

34 Froggeryz the Shield-Bearer (level 3, -4/29 HPs)
             Began as a Formicid Fighter on Apr 15, 2021.
             Killed from afar by a steam dragon (19 damage)
             ... with a ball of steam
             ... on level 2 of the Dungeon.
             The game lasted 00:01:00 (1500 turns).

Froggeryz the Shield-Bearer (Formicid Fighter)      Turns: 1500, Time: 00:01:01

Health: -4/29      AC:  8    Str: 21    XL:     3   Next: 50%
Magic:  3/3        EV:  8    Int:  7    God:
Gold:   36         SH:  9    Dex: 10    Spells: 2/2 levels left

rFire    . . .     SeeInvis +   g - +2 hand axe (flame)
rCold    . . .     Faith    .   c - +0 kite shield
rNeg     . . .     Spirit   .   b - +0 scale mail
rPois    .         Reflect  .   (helmet unavailable)
rElec    .         Harm     .   (no cloak)
rCorr    .         Rampage  .   h - +0 pair of gloves
Will     .....                  (no boots)
Stlth    ..........             (no amulet)
HPRegen  0.09/turn              (no ring)
MPRegen  0.08/turn              (no ring)

@: no status effects
A: permanent stasis, dig shafts and tunnels, antennae 3, four strong arms
a: Dig, Shaft Self


You were on level 2 of the Dungeon.
You visited 1 branch of the dungeon, and saw 2 of its levels.

You collected 36 gold pieces.

Inventory:

Hand Weapons
 a - a +0 war axe
 g - a +2 hand axe of flaming (weapon)
Armour
 b - a +0 scale mail (worn)
 c - a +0 kite shield (worn)
 h - a +0 pair of gloves (worn)
Potions
 d - a potion of might
 e - a potion of brilliance {unknown}
 f - a potion of heal wounds {unknown}


   Skills:
 - Level 3.2 Fighting
 * Level 3.2 Axes
 - Level 3.2 Armour
 + Level 4.2 Shields


You had 2 spell levels left.
You didn't know any spells.
Your spell library was empty.

Dungeon Overview and Level Annotations

Branches:
Dungeon (2/15)

Altars:

Shops:
D:1 (


Innate Abilities, Weirdness & Mutations

You cannot be hasted, slowed, berserked, paralysed or teleported.
You can dig through walls and to a lower floor.
You have a pair of large antennae on your head. (SInv)
Your four strong arms can wield two-handed weapons with a shield.


Message History

You now have 36 gold pieces (gained 7).
An endoplasm is nearby!
An endoplasm is nearby!
You hit the endoplasm. You burn the endoplasm.
The endoplasm is moderately wounded.
The endoplasm freezes you.
You are frozen.
The endoplasm freezes you.
You are frozen.
You slash the endoplasm! You burn the endoplasm.
You kill the endoplasm!
No target in view!
No target in view!
HP restored.
A steam dragon comes into view.
The steam dragon hisses angrily.
The steam dragon breathes steam at you. The ball of steam misses you.
The steam dragon moves out of view.
You're standing in a cloud of steam!
No target in view!
No target in view!
No target in view!
There is a stone staircase leading up here.
The steam dragon breathes steam at you. The ball of steam misses you.
You hear an angry hiss.
You are engulfed in a cloud of scalding steam.
A bat comes into view.
You block the steam dragon's attack. x2
A ball python comes into view.
You are engulfed in a cloud of scalding steam.
An endoplasm comes into view.
The endoplasm quivers.
There is a stone staircase leading up here.
You hit the steam dragon. You burn the steam dragon.
The steam dragon is lightly wounded.
The steam dragon breathes steam at you. The ball of steam hits you!!
Ouch! That really hurt!
You die...

### .. .. ..# #.
... #.####..##
.####.... D..
...(J...# ..#
#@# ยง.####.
#.#D##.......
#..b.........
.S{..#.###.###..
######.# # #..
###


You could see a steam dragon (catching breath), an endoplasm and a bat.

Vanquished Creatures
  A gnoll (D:1)
  3 bats (D:1)
  5 endoplasms
  A giant cockroach (D:1)
  A goblin (D:1)
  2 quokkas (D:1)
  A ball python (D:1)
  A frilled lizard (D:1)
  3 kobolds (D:1)
  3 rats (D:1)
21 creatures vanquished.

Notes
Turn   | Place    | Note
-------+----------+-------------------------------------------
     0 | D:1      | Froggeryz the Formicid Fighter began the quest for the Orb.
     0 | D:1      | Reached XP level 1. HP: 18/18 MP: 1/1
   145 | D:1      | Reached XP level 2. HP: 17/24 MP: 2/2
   277 | D:1      | Reached skill level 4 in Shields
   535 | D:1      | Reached XP level 3. HP: 29/29 MP: 3/3
   862 | D:1      | Found Naes's Antique Weapon Emporium.
  1120 | D:1      | Found a faded altar of an unknown god.
  1491 | D:2      | Noticed a steam dragon
  1500 | D:2      | Killed from afar by a steam dragon

Illustrated notes

Levels and vault maps discovered:
D:1:      psy_arrival_statuary, layout_basic, chequers_ecumenical_altar_simple,
          serial_shops, shop, minmay_strange_pillars
D:2:      wad_river_or_something, layout_loops_ring, minmay_circle_x,
          uniq_jessica

Skill      XL: |  1  2  3 |
---------------+----------+-----
Shields        | 4 |  4.2
Axes           | 3 |  3.2
Fighting       | |  3.2
Armour         | |  3.2

Action                   || total
-------------------------++-------
Melee: War axe           ||    59
       Hand axe          ||     7
Armor: Scale mail        ||    25
Dodge: Dodged            ||    21
Block: Kite shield       ||    39

Table legend: (Time is in decaauts)
 A = Elapsed time spent in this place.
 B = Non-inter-level travel time spent in this place.
 C = Inter-level travel time spent in this place.
 D = Time resting spent in this place.
 E = Time spent auto-exploring this place.
 F = Levels seen in this place.
 G = Mean time per level.
                   A        B        C        D        E       F      G
               +--------+--------+--------+--------+--------+-----+--------+
         Total |   1531 |   1475 |     56 |    180 |   1105 |   2 |  765.5 |
       Dungeon |   1531 |   1475 |     56 |    180 |   1105 |   2 |  765.5 |
               +--------+--------+--------+--------+--------+-----+--------+

Top non-repeatable levels by time:
     D:1: 1420 daAuts
     D:2: 111 daAuts
